 Dungeon Crawl Stone Soup version 0.20.1-1-g8b1a95d (webtiles) character file.

140 Stornor the Insei (level 5, -5/29 HPs)
             Began as a Tengu Transmuter on Sept 9, 2017.
             Was an Initiate of Makhleb.
             Slain by a river rat (7 damage)
             ... on level 3 of the Dungeon.
             The game lasted 00:22:38 (2284 turns).

Stornor the Insei (Tengu Transmuter)                Turns: 2284, Time: 00:22:38

Health: -5/29      AC:  3    Str: 10    XL:     5   Next: 23%
Magic:  8/10       EV: 13    Int: 13    God:    Makhleb [......]
Gold:   83         SH:  0    Dex: 16    Spells: 4/10 levels left

rFire    . . .     SeeInvis .     - Unarmed
rCold    . . .     Gourm    .   (no shield)
rNeg     . . .     Faith    .   p - +0 leather armour
rPois    .         Spirit   .   (helmet restricted)
rElec    .         Reflect  .   (no cloak)
rCorr    .         Harm     .   (no gloves)
MR       .....     Rnd*Tele +   (boots unavailable)
Stlth    +.........             (no amulet)
Regen    0.1/turn               t - ring of teleportation (curse)
MPRegen  0.2/turn               (no ring)

@: about to teleport, appendage, very slightly contaminated
A: beak, horns 2, talons 3, able to fly 1
a: Fly, End Transformation, Renounce Religion


You were on level 3 of the Dungeon.
You worshipped Makhleb.
Makhleb was noncommittal.
You were not hungry.
You had grown temporary horns.
You visited 1 branch of the dungeon, and saw 3 of its levels.

You collected 83 gold pieces.

Inventory:

Missiles
 a - 30 arrows
 i - 2 curare-tipped needles
Armour
 b - a +0 robe
 l - a +0 ring mail
 p - a +0 leather armour (worn)
 s - a +0 chain mail
Jewellery
 k - an uncursed ring of fire
 r - an uncursed ring of fire
 t - a cursed ring of teleportation (left hand)
Scrolls
 f - a scroll of noise {unknown}
 g - a scroll of identify {unknown}
 h - a scroll of remove curse {unknown}
 j - a scroll of enchant armour {unknown}
 m - a scroll of amnesia {unknown}
 o - a scroll of enchant weapon {unknown}
Potions
 n - a potion of brilliance
 q - a potion of berserk rage {unknown}
 u - a potion of degeneration {unknown}
Books
 c - a book of Changes

   Spells                             Type                      Level
   a - Beastly Appendage              Transmutation                1
   b - Sticks to Snakes               Transmutation                2
   c - Spider Form                    Transmutation/Poison         3
   d - Ice Form                       Ice/Transmutation            4
   e - Blade Hands                    Transmutation                5
Comestibles
 d - 2 bread rations
 v - 3 chunks of flesh


   Skills:
 + Level 1.1 Fighting
 + Level 1.0 Armour
 + Level 2.7 Dodging
 + Level 4.4 Unarmed Combat
 + Level 3.0 Spellcasting
 + Level 2.3 Transmutations


You had 4 spell levels left.
You knew the following spells:

 Your Spells              Type           Power        Failure   Level  Hunger
a - Beastly Appendage     Tmut           #.....       12%         1    #......
b - Blade Hands           Tmut           #.........   97%         5    ######.


Dungeon Overview and Level Annotations

Branches:
Dungeon (3/15)

Altars:
Makhleb

Portals:
Sewer: D:3

Annotations:
D:3 sasori113's ghost, amateur DsGl


Innate Abilities, Weirdness & Mutations

You have a beak for a mouth.
You have claws for feet.
You can fly.
You have a pair of horns on your head.


Message History

Confirm with . or Enter, or press ? or * to list all spells.
Okay, then.
Unknown command.
You enter the shallow water.
Moving in this stuff is going to be slow.
You open the door.
Your horns disappear.
The river rat closely misses you.
Casting: Beastly Appendage
Confirm with . or Enter, or press ? or * to list all spells.
You miscast Beastly Appendage.
You are very lightly contaminated with residual magic.
Your hands glow momentarily.
The river rat closely misses you.
Casting: Beastly Appendage
Confirm with . or Enter, or press ? or * to list all spells.
You grow a pair of large bovine horns.
The river rat bites you!
* * * LOW HITPOINT WARNING * * *
As you read the scroll of teleportation, it crumbles to dust.
You feel strangely unstable. The river rat bites you!
You die...

####÷#
######..†.#
#.........#
#≈≈.......#
#≈≈≈≈≈....#
#≈≈≈≈≈≈...#
####'≈≈...#
#≈≈≈#r≈...#
#≈∩≈'≈@≈.##
#≈≈≈#≈≈≈.#
### ######


You could see a river rat.

Vanquished Creatures
  Terence (D:2)
  Robin (D:2)
  5 adders
  A worm (D:3)
  A leopard gecko (D:1)
  7 bats
  5 hobgoblins
  A jackal (D:3)
  4 kobolds (D:2)
  A quokka (D:3)
  4 ball pythons
  2 frilled lizards (D:1)
  12 goblins
  12 rats
57 creatures vanquished.

Notes
Turn   | Place    | Note
-------+----------+-------------------------------------------
     0 | D:1      | Stornor the Tengu Transmuter began the quest for the Orb.
     0 | D:1      | Reached XP level 1. HP: 12/12 MP: 4/4
    90 | D:1      | Throwing
   169 | D:1      | Reached XP level 2. HP: 16/16 MP: 3/6
   685 | D:2      | Noticed Robin
   960 | D:1      | Reached XP level 3. HP: 11/20 MP: 3/7
  1104 | D:2      | Killed Robin
  1349 | D:2      | Reached skill level 4 in Unarmed Combat
  1427 | D:2      | Noticed Terence
  1439 | D:2      | Killed Terence
  1439 | D:2      | Reached XP level 4. HP: 25/25 MP: 9/9
  1532 | D:2      | Found a burning altar of Makhleb.
  1547 | D:2      | Became a worshipper of Makhleb the Destroyer
  1994 | D:3      | Noticed sasori113's ghost (amateur DsGl)
  2074 | D:3      | Gained mutation: You can fly. [Tengu growth]
  2074 | D:3      | Reached XP level 5. HP: 16/29 MP: 8/10
  2089 | D:3      | Learned a level 5 spell: Blade Hands
  2207 | D:3      | Reached skill level 1 in Armour
  2235 | D:3      | Found a glowing drain.
  2284 | D:3      | Slain by a river rat

Skill      XL: |  1  2  3  4  5 |
---------------+----------------+-----
Unarmed Combat | 4 |  4.4
Transmutations | 2 |  2.3
Armour         | 1 |  1.0
Spellcasting   | 3 |  3.0
Fighting       | |  1.1
Dodging        | |  2.7

Action                   |  1- 3 |  4- 6 || total
-------------------------+-------+-------++-------
Melee: Unarmed           |    71 |    69 ||   140
       Kick              |    14 |    15 ||    29
       Peck              |    11 |     6 ||    17
       Headbutt          |     8 |     4 ||    12
 Cast: Beastly Appendage |    21 |    18 ||    39
 Abil: End Transformatio |     1 |       ||     1
       Fly               |       |     2 ||     2
  Use: Scroll            |     1 |     3 ||     4
       Potion            |       |     1 ||     1
  Eat: Royal jelly       |     1 |       ||     1
       Chunk             |       |     3 ||     3
Armor: Robe              |     7 |       ||     7
       Ring mail         |    17 |     6 ||    23
       Leather armour    |       |     5 ||     5
Dodge: Dodged            |    50 |    50 ||   100
